Map: Zen LE

Players

LiquidMaNa (MaNa) - Winner!

  • Race: Protoss Protoss
  • League: Master
  • Spawn Location: 1:00

TSGSolar (Solar)

  • Race: Zerg Zerg
  • Spawn Location: 7:00

Event: StayAtHomestory Cup #1

VOD

Have the link to the VOD?

Description

Time

  • Played on: April 11, 2020, 5:40 a.m.
  • Length: 6:00

All games in this series

Show
View Real Time Build Order
Export as new Build Order

LiquidMaNa Protoss - Winner!

Build Orders: 1 Gate Expand 

Get SALT Encoding   

  12  0:00  Probe  
  13  0:14  Pylon  
  13  0:17  Probe (Chrono Boost)  
  14  0:26  Probe (Chrono Boost)  
  15  0:31  Probe (Chrono Boost)  
  16  0:42  Gateway  
  16  0:43  Probe  
  17  0:53  Assimilator  
  17  0:55  Probe  
  18  1:08  Probe  
  19  1:22  Probe  
  20  1:29  Cybernetics Core  
  20  1:36  Nexus  
  20  1:40  Probe  
  20  1:45  Pylon  
  21  1:52  Probe  
  22  1:54  Assimilator  
  22  2:03  Adept (Chrono Boost)  
  22  2:05  Probe  
  22  2:06  Warp Gate  
  25  2:17  Probe  
  26  2:23  Adept (Chrono Boost)  
  26  2:29  Probe  
  29  2:41  Probe  
  29  2:42  Twilight Council  
  30  2:48  Adept  
  33  2:57  Gateway  
  32  2:59  Robotics Facility  
  32  3:02  Probe  
  32  3:03  Probe  
  34  3:13  Resonating Glaives (Chrono Boost)  
  34  3:14  Probe  
  34  3:17  Probe  
  36  3:27  Probe  
  37  3:29  Probe  
  37  3:31  Gateway  
  37  3:34  Gateway  
  38  3:39  Probe  
  39  3:42  Probe  
  39  3:44  Warp Prism (Chrono Boost)  
  42  3:52  Pylon  
  42  3:59  Adept x2  
  46  4:10  Probe, Dark Shrine  
  46  4:11  Pylon  
  46  4:15  Probe  
  48  4:22  Probe  
  49  4:31  Adept x4  
  55  4:33  Probe  
  55  4:34  Probe  
  55  4:38  Assimilator  
  59  4:41  Pylon  
  55  5:01  Assimilator  
  55  5:12  Probe  
  44  5:22  Dark Templar x2  
  44  5:25  Dark Templar  
  50  5:31  Probe  
  50  5:33  Probe  
  56  5:41  Forge  
  56  5:46  Gateway x2, Dark Templar  
  56  5:47  Probe  
Show
View Real Time Build Order
Export as new Build Order

TSGSolar Zerg 

Build Orders: Hatch First 

Get SALT Encoding   

  12  0:02  Drone  
  13  0:07  Drone  
  14  0:33  Hatchery  
  13  0:36  Drone  
  14  0:44  Overlord  
  14  0:50  Extractor, Drone  
  15  1:04  Drone x2  
  17  1:12  Drone  
  17  1:15  Extractor  
  17  1:20  Spawning Pool  
  17  1:23  Drone  
  17  1:30  Drone  
  18  1:41  Drone  
  18  1:45  Drone  
  20  1:52  Drone  
  21  2:04  Overlord  
  21  2:06  Queen x2  
  21  2:07  Zergling x2  
  27  2:08  Zergling x2  
  27  2:16  Drone  
  28  2:24  Drone x2  
  30  2:33  Drone  
  31  2:40  Hatchery, Drone  
  31  2:48  Pneumatized Carapace  
  31  2:51  Queen  
  31  2:56  Overlord  
  33  2:59  Drone  
  33  3:01  Drone  
  33  3:03  Drone  
  36  3:16  Zergling x4  
  36  3:18  Overlord  
  39  3:20  Drone x4  
  39  3:26  Drone x2  
  43  3:34  Overlord  
  43  3:39  Drone x3  
  46  3:44  Roach Warren  
  45  3:50  Drone, Metabolic Boost  
  45  3:51  Drone  
  45  3:52  Drone  
  45  3:53  Extractor  
  47  3:59  Drone  
  47  4:00  Drone  
  47  4:01  Overlord  
  49  4:09  Spine Crawler  
  48  4:11  Drone  
  48  4:14  Overlord  
  49  4:20  Zergling x4  
  49  4:21  Zergling x2  
  52  4:25  Roach x4  
  52  4:27  Overlord  
  60  4:32  Roach  
  60  4:33  Queen  
  60  4:35  Roach  
  66  4:38  Overlord  
  66  4:40  Roach  
  66  4:42  Zergling x4  
  66  4:44  Roach  
  72  4:48  Roach  
  72  4:49  Zergling x4  
  74  4:53  Roach  
  74  4:54  Zergling x2  
  70  5:00  Roach  
  69  5:08  Drone  
  69  5:09  Drone  
  69  5:12  Drone  
  69  5:14  Drone  
  68  5:15  Drone  
  68  5:18  Drone  
  68  5:21  Drone  
  68  5:22  Drone  
  68  5:28  Drone  
  71  5:30  Spore Crawler  
  71  5:32  Spore Crawler  
  68  5:40  Zergling x6  
Tags
 
Add a new tag
Caveats
  • Supply blocks, unpowered buildings, or Contaminate may cause inaccurate times.
  • Supply counts are checked every 10 seconds.